 Dungeon Crawl Stone Soup version 0.28-a0-1190-g77e1c55843 (webtiles) character file.

Game seed: 9192016124380334514

25 AigisTheKnight the Conjurer (level 2, -2/20 HPs)
             Began as a Draconian Conjurer on Dec 18, 2021.
             Slain by a kobold (3 damage)
             ... on level 1 of the Dungeon.
             The game lasted 00:01:18 (1151 turns).

AigisTheKnight the Conjurer (Draconian Conjurer)    Turns: 1151, Time: 00:01:18

Health: -2/20      AC:  4    Str:  9    XL:     2   Next: 86%
Magic:  1/5        EV: 12    Int: 18    God:
Gold:   34         SH:  0    Dex:  9    Spells: 4/5 levels left

rFire   . . .      SeeInvis .   b - +0 war axe
rCold   . . .      Faith    .   (no shield)
rNeg    . . .      Spirit   .   (armour unavailable)
rPois   .          Reflect  .   (helmet restricted)
rElec   .          Harm     .   (no cloak)
rCorr   .          Rampage  .   (no gloves)
Will    .....                   (no boots)
Stlth   ++........              (no amulet)
HPRegen 0.06/turn               (no ring)
MPRegen 0.09/turn               (no ring)

@: no status effects
A: AC +4, unfitting armour, cold-blooded
a: no special abilities


You were on level 1 of the Dungeon.
You visited 1 branch of the dungeon, and saw 1 of its levels.

You collected 34 gold pieces.

Inventory:

Hand Weapons
 a - a +0 club
 b - a +0 war axe (weapon)


   Skills:
 + Level 2.1 Dodging
 + Level 2.2 Stealth
 + Level 2.3 Spellcasting
 + Level 4.2 Conjurations


You had 4 spell levels left.
You knew the following spells:

 Your Spells              Type           Power      Damage    Failure   Level
a - Magic Dart            Conj           68%        1d6       3%          1

Your spell library contained the following spells:

 Spells                   Type           Power      Damage    Failure   Level
 Searing Ray              Conj           34%        2d5       4%          2
 Dazzling Flash           Conj/Hex       18%        N/A       22%         3
 Fulminant Prism          Conj/Hex       4%         3d6       58%         4
 Iskenderun's Mystic Bla  Conj/Tloc      9%         2d4       58%         4


Dungeon Overview and Level Annotations

Branches:
Dungeon (1/15)

Altars:

Shops:
D:1 !


Innate Abilities, Weirdness & Mutations

Your plain brown scales are hard. (AC +4)
You cannot fit into any form of body armour.
You are cold-blooded and may be slowed by cold attacks.


Message History

* * * LOW HITPOINT WARNING * * *
Casting: Magic Dart (safe; 3% risk of failure)
Confirm with . or Enter, or press ? or * to list all spells.
Aiming: Magic Dart (safe; 3% risk of failure)
Press: ? - help, Shift-Dir - straight line, f - endoplasm
Aim: an endoplasm (100% to hit)
The magic dart hits the endoplasm.
The endoplasm is severely wounded.
The endoplasm barely misses you.
Unknown command.
Casting: Magic Dart (safe; 3% risk of failure)
Confirm with . or Enter, or press ? or * to list all spells.
Aiming: Magic Dart (safe; 3% risk of failure)
Press: ? - help, Shift-Dir - straight line, f/p - endoplasm
Aim: an endoplasm (severely wounded, 100% to hit)
The magic dart hits the endoplasm but does no damage.
The endoplasm is severely wounded.
The endoplasm freezes you.
You are frozen.
* * * LOW HITPOINT WARNING * * *
You feel yourself slow down.
Unknown command.
Casting: Magic Dart (safe; 3% risk of failure)
Confirm with . or Enter, or press ? or * to list all spells.
Aiming: Magic Dart (safe; 3% risk of failure)
Press: ? - help, Shift-Dir - straight line, f/p - endoplasm
Aim: an endoplasm (severely wounded, 100% to hit)
The magic dart hits the endoplasm.
You kill the endoplasm!
Unknown command.
Casting: Magic Dart (safe; 3% risk of failure)
Confirm with . or Enter, or press ? or * to list all spells.
Aiming: Magic Dart (safe; 3% risk of failure)
Press: ? - help, Shift-Dir - straight line, f - kobold
Aim: a kobold, wielding a +0 whip (moderately wounded, 100% to hit)
The magic dart hits the kobold but does no damage.
The kobold is moderately wounded.
You feel yourself speed up. The kobold misses you.
The kobold hits you with a +0 whip.
You die...

## ### .. ..
.## ###. ..
...#.# #...#
#K#######
#@....... #.
#.####### ##..
#.# #.. #.# ...
#.####### #.#
#######........
#.#
#.......#######
##.# #.#######
##..## #.#


You could see a kobold.

Vanquished Creatures
  A gnoll (D:1)
  6 endoplasms (D:1)
  A giant cockroach (D:1)
  2 hobgoblins (D:1)
  A quokka (D:1)
  A frilled lizard (D:1)
  2 rats (D:1)
14 creatures vanquished.

Notes
Turn   | Place    | Note
-------+----------+-------------------------------------------
     0 | D:1      | AigisTheKnight the Draconian Conjurer began the quest for
                  | the Orb.
     0 | D:1      | Reached XP level 1. HP: 14/14 MP: 3/3
    18 | D:1      | Found Bidiypim's Distillery.
   570 | D:1      | Reached XP level 2. HP: 20/20 MP: 1/5
  1149 | D:1      | HP: 1/20 [frozen (2)]
  1151 | D:1      | Slain by a kobold

Illustrated notes

Levels and vault maps discovered:
D:1:      dpeg_arrival_round_a, layout_loops_ring, serial_shops,
          nicolae_diamond_shop

Skill      XL: |  1 |
---------------+----+-----
Dodging        | 2 |  2.1
Stealth        | 2 |  2.2
Spellcasting   | |  2.3
Conjurations   | |  4.2

Action                   || total
-------------------------++-------
Melee: Unarmed           ||    39
       Tailslap          ||     1
       War axe           ||     4
 Cast: Magic Dart        ||    28
Armor: Skin              ||     9
Dodge: Dodged            ||    28

Table legend: (Time is in decaauts)
 A = Elapsed time spent in this place.
 B = Non-inter-level travel time spent in this place.
 C = Inter-level travel time spent in this place.
 D = Time resting spent in this place.
 E = Time spent auto-exploring this place.
 F = Levels seen in this place.
 G = Mean time per level.
                   A        B        C        D        E       F      G
               +--------+--------+--------+--------+--------+-----+--------+
         Total |   1152 |   1152 |      0 |      0 |   1024 |   1 | 1152.0 |
       Dungeon |   1152 |   1152 |      0 |      0 |   1024 |   1 | 1152.0 |
               +--------+--------+--------+--------+--------+-----+--------+

Top non-repeatable levels by time:
     D:1: 1152 daAuts
